Map: Chain of Ascension

Players

monk

  • Race: Terran Terran
  • Spawn Location: 11:00

Yuriprime

  • Race: Terran Terran
  • Spawn Location: 11:00

VOD

Have the link to the VOD?

Description

Time

  • Played on: Sept. 30, 2017, 9:28 a.m.
  • Length: 20:45
Show
View Real Time Build Order
Export as new Build Order

monk Terran 

Build Orders:  

Get SALT Encoding   

  12  0:06  SCV  
  13  0:23  SCV  
  13  0:25  Supply Depot  
  15  0:40  SCV  
  15  0:49  Refinery  
  15  0:58  SCV  
  16  1:03  Refinery  
  16  1:15  SCV  
  18  1:32  SCV  
  18  1:49  SCV, Factory  
  19  2:06  SCV  
  20  2:23  SCV  
  21  2:39  Supply Depot  
  22  2:40  SCV  
  22  2:52  Factory Tech Reactor  
  22  2:54  Starport  
  22  2:57  SCV  
  23  3:13  Supply Depot  
  23  3:14  SCV  
  25  3:31  SCV  
  25  3:34  Factory Tech Reactor  
  25  3:48  SCV  
  26  3:54  Starport Tech Reactor  
  26  3:55  Supply Depot  
  26  3:58  Hercules  
  29  4:00  Siege Tank x2  
  29  4:05  SCV  
  29  4:06  Maelstrom Rounds  
  37  4:22  SCV  
  37  4:39  SCV  
  38  4:55  SCV  
  40  5:12  SCV  
  40  5:14  Command Center  
  40  5:25  Armory  
  40  5:29  SCV  
  41  5:45  SCV  
  41  5:46  SCV  
  41  5:49  Refinery x2  
  44  6:02  SCV  
  44  6:03  SCV  
  45  6:18  Upgrade Laser Drill Level 1  
  45  6:19  SCV  
  47  6:20  SCV  
  47  6:30  Terran Vehicle and Ship Weapons Level 1  
  47  6:36  SCV  
  47  6:37  SCV  
  49  6:53  SCV  
  49  6:54  SCV  
  49  6:56  Siege Tank  
  49  6:57  Siege Tank  
  57  7:07  Supply Depot  
  59  7:10  SCV  
  59  7:11  SCV  
  59  7:27  SCV  
  59  7:28  SCV  
  61  7:37  Siege Tank  
  64  7:44  SCV  
  66  7:50  SCV, Siege Tank  
  66  7:55  Supply Depot  
  66  7:58  Siege Tank  
  69  8:11  Siege Tank  
  69  8:16  Science Vessel x2  
  69  8:18  Improved Nano-Repair  
  73  8:27  SCV x2  
  75  8:30  Supply Depot  
  75  8:32  Supply Depot  
  72  8:48  SCV x2  
  77  8:52  Siege Tank x2  
  77  8:59  Supply Depot  
  83  9:15  Perdition Turret  
  83  9:18  Defensive Matrix  
  83  9:41  Upgrade Laser Drill Level 2  
  83  9:55  SCV  
  83  9:56  Hercules  
  85  10:01  Factory  
  85  10:02  SCV  
  86  10:12  SCV  
  86  10:15  Goliath x2  
  90  10:21  Terran Vehicle and Ship Weapons Level 2  
  90  10:26  Ares-Class Targeting System  
  90  10:27  Supply Depot  
  91  10:31  Supply Depot, SCV  
  91  10:48  SCV  
  92  10:55  Factory Tech Reactor  
  92  10:56  Goliath x2  
  96  11:24  Goliath x2  
  96  11:26  Multi-Lock Weapons System  
  96  11:28  Goliath x2  
  104  11:30  Supply Depot  
  104  11:32  Supply Depot  
  104  11:55  Supply Depot x2  
  104  11:56  Goliath  
  106  12:11  Goliath  
  106  12:12  Goliath  
  106  12:16  Goliath  
  112  12:28  Science Vessel x2, Goliath  
  116  13:06  Goliath x2  
  116  13:07  Goliath x2  
  124  13:38  Goliath x2  
  128  13:53  Goliath x2  
  132  14:02  Science Vessel  
  132  14:05  Terran Vehicle and Ship Weapons Level 3  
  134  14:10  Goliath x2  
  138  14:25  Goliath x2  
  139  14:42  Goliath  
  141  14:54  Goliath  
  141  14:57  Goliath  
  141  15:05  Siege Tank  
  141  15:10  Goliath  
  141  15:14  Goliath  
  141  15:18  Supply Depot  
  145  15:20  Supply Depot  
  145  15:23  Supply Depot  
  145  15:25  Supply Depot  
  145  15:26  Goliath  
  147  15:44  Goliath  
  147  15:48  Goliath x2  
  153  15:53  Siege Tank  
  153  15:58  Goliath  
  155  16:16  Goliath  
  154  16:20  Goliath x2  
  154  16:27  Siege Tank  
  161  16:30  Goliath  
  163  16:48  Goliath  
  165  16:52  Goliath  
  165  16:57  Supply Depot x2  
  157  17:10  Goliath  
  157  17:11  Goliath  
  157  17:17  Siege Tank  
  143  17:25  Goliath  
  143  17:27  Siege Tank  
  141  17:38  Goliath  
  143  17:42  Goliath x2  
  144  17:57  Goliath  
  149  18:02  Siege Tank  
  149  18:10  Goliath  
  149  18:14  Goliath x2  
  155  18:25  Science Vessel x2  
  155  18:29  Goliath  
  161  18:42  Goliath  
  161  18:46  Goliath  
  165  18:58  Siege Tank  
  165  19:03  Goliath x2  
  169  19:14  Goliath  
  169  19:18  Goliath  
  157  19:35  Goliath x2  
  164  19:41  Siege Tank x2  
Show
View Real Time Build Order
Export as new Build Order

Yuriprime Terran 

Build Orders:  

Get SALT Encoding   

  12  0:05  SCV  
  12  0:54  SCV  
  13  1:11  SCV  
  14  1:28  SCV  
  15  2:01  Supply Depot  
  15  2:04  SCV  
  16  2:19  Supply Depot  
  16  2:21  SCV  
  16  2:23  Supply Depot  
  17  2:36  Supply Depot  
  17  2:42  SCV  
  17  2:45  Supply Depot  
  18  2:59  SCV  
  19  3:16  SCV  
  20  3:33  SCV  
  21  3:49  SCV  
  21  3:52  Supply Depot  
  22  4:00  Supply Depot  
  22  4:06  SCV  
  19  4:23  SCV  
  20  4:40  SCV  
  21  4:57  SCV  
  22  5:14  SCV  
  23  5:31  SCV  
  24  5:48  SCV  
  25  6:05  SCV  
  26  6:59  SCV  
  27  7:16  SCV  
  28  7:33  SCV  
  48  7:50  SCV  
  30  8:06  SCV  
  31  10:05  SCV  
  32  10:22  SCV  
  33  10:39  SCV  
  34  10:56  SCV  
  35  11:05  Supply Depot  
  35  11:06  Supply Depot  
  35  11:08  Supply Depot  
  35  11:10  Supply Depot  
  35  11:13  Supply Depot, SCV  
  35  11:17  Supply Depot  
  35  11:19  Supply Depot  
  36  11:22  Supply Depot  
  36  11:25  Supply Depot  
  36  11:26  Supply Depot  
  36  11:30  Supply Depot  
  36  11:32  Supply Depot  
  36  11:34  Supply Depot  
  36  11:43  Supply Depot  
  36  11:46  Supply Depot  
  36  11:48  Supply Depot  
  36  11:49  Supply Depot  
  36  11:53  Supply Depot  
  36  11:57  Supply Depot  
  36  11:58  Supply Depot  
  36  11:59  Supply Depot  
  36  12:01  Supply Depot  
  36  12:03  Supply Depot  
  36  12:04  Supply Depot  
  36  12:06  Supply Depot  
  36  12:19  Supply Depot  
  36  12:20  Supply Depot  
  36  12:22  Supply Depot  
  36  12:24  Supply Depot  
  36  12:25  Supply Depot  
  36  12:29  Supply Depot  
  36  12:31  Supply Depot  
  36  12:34  Supply Depot  
  36  12:36  Supply Depot  
  36  12:37  Supply Depot  
  36  12:39  Supply Depot  
  36  12:41  Supply Depot  
  36  12:43  Supply Depot  
  36  12:47  Supply Depot  
  36  12:49  Supply Depot  
  36  12:50  Supply Depot  
  36  12:52  Supply Depot  
  36  12:54  Supply Depot  
  36  12:58  Supply Depot  
  36  13:01  Supply Depot  
  36  13:03  Supply Depot  
  36  13:06  Supply Depot  
  36  13:10  Supply Depot  
  36  13:35  SCV  
  37  13:52  SCV  
  38  14:08  SCV  
  39  14:25  SCV  
  40  14:42  SCV  
  41  16:42  Supply Depot  
  41  16:43  Supply Depot  
  41  16:45  Supply Depot  
  41  16:47  Supply Depot  
  41  16:49  Supply Depot  
  41  16:52  Supply Depot  
  41  16:54  Supply Depot  
  41  16:58  Supply Depot x2  
  41  17:00  Supply Depot  
  41  17:02  Supply Depot  
  41  17:04  Supply Depot  
  41  17:08  Supply Depot  
  41  17:10  Supply Depot  
  41  17:12  Supply Depot  
  41  17:15  Supply Depot  
  41  17:16  Supply Depot  
  41  17:18  Supply Depot  
  41  17:20  Supply Depot  
  41  17:22  Supply Depot  
  41  17:24  Supply Depot  
  41  17:31  Supply Depot  
  41  17:32  Supply Depot  
  41  17:34  Supply Depot  
  41  17:36  Supply Depot  
  41  17:38  Supply Depot  
  41  17:40  Supply Depot  
  41  17:42  Supply Depot  
  41  17:44  Supply Depot  
Tags
 
Add a new tag
Caveats
  • Supply blocks, unpowered buildings, or Contaminate may cause inaccurate times.
  • Supply counts are checked every 10 seconds.